![]() |
![]() |
![]() |
html PUBLIC "-//W3C//DTD XHTML 1.0 Transitional//EN" "http://www.w3.org/TR/xhtml1/DTD/xhtml1-transitional.dtd">
SASKATOON DUCKS vs ANCHORAGE ACESCreated - 5 janvier 2025 at 09:57
1st period
1. ANCHORAGE ACES , Yegor Sharangovich 20 (Phillip Danault 23, Alexander DeBrincat 25) at 10:41
2. ANCHORAGE ACES , Erik Haula 4 (Ross Colton 10) at 10:47 Penalties :
Jake Sanderson (SAS) for Roughing (Minor) at 4:25, Ben Chiarot (SAS) for Tripping (Minor) at 6:48, Jakob Chychrun (ANC) for Holding Stick (Minor) at 12:38, Jordan Staal (SAS) for Delaying the game (Minor) at 19:33
2nd period
3. ANCHORAGE ACES , Alexander DeBrincat 23 (Phillip Danault 24, Sebastien Aho 8) at 8:47
4. ANCHORAGE ACES , Yegor Sharangovich 21 (Alexander DeBrincat 26, Phillip Danault 25) at 13:31 5. ANCHORAGE ACES , Yegor Sharangovich 22 (Alexander DeBrincat 27, Jakob Chychrun 11) at 19:18 (PP) Penalties :
Vincent Desharnais (SAS) for Roughing (Minor) at 5:11, Vincent Desharnais (SAS) for Holding (Minor) at 18:12
3rd period
6. ANCHORAGE ACES , Nathan MacKinnon 21 (Connor McDavid 10) at 5:56
Penalties :
Kasperi Kapanen (SAS) for Interference (Minor) at 11:38
Goalie StatsCayden Primeau (SAS), 15 saves from 17 shots - (0,882), 26:29 minutes
Tristan Jarry (SAS), 17 saves from 21 shots - (0,810), L, 7-4-0, 33:31 minutes Darcy Kuemper (ANC), 25 saves from 25 shots - (1,000), W, 17-10-4, 60:00 minutes
Players Stats for SASKATOON DUCKSPlayer Name G A P +/- PIM S H SB GA TA FO MP PP MP PK MP ------------------------------------------------------------------------------------ Ben Chiarot 0 0 0 -1 2 1 0 3 0 0 0/0 20:22 0:00 3:52 Cam Atkinson 0 0 0 0 0 1 0 0 0 0 0/1 17:42 0:57 7:14 Erik Gustafsson 0 0 0 -2 0 1 0 0 0 0 0/0 12:48 0:00 1:04 Ivan Barbashev 0 0 0 -3 0 1 2 0 0 0 0/2 22:25 1:02 3:47 Jake Guentzel 0 0 0 -3 0 1 0 0 0 0 1/1 18:33 0:57 0:00 Jake Sanderson 0 0 0 -2 2 0 3 1 0 0 0/0 25:28 0:57 5:47 Jordan Staal 0 0 0 -1 2 1 2 1 0 0 17/25 20:32 1:02 5:38 Kailer Yamamoto 0 0 0 -1 0 0 1 1 0 0 0/0 6:00 0:00 0:00 Kasperi Kapanen 0 0 0 -1 2 1 0 0 0 0 0/0 5:59 0:00 0:00 Mathieu Joseph 0 0 0 0 0 2 2 0 0 0 0/3 11:44 1:02 0:00 Ondrej Palat 0 0 0 -1 0 3 1 0 0 0 1/1 12:37 1:02 0:00 Robert Fabbri 0 0 0 0 0 1 0 0 0 0 4/11 9:31 0:00 0:00 Ryan Strome 0 0 0 -1 0 6 0 0 0 0 1/2 13:53 0:00 0:00 Samuel Girard 0 0 0 -1 0 1 0 1 0 0 0/0 21:37 1:02 5:07 Sidney Crosby 0 0 0 -3 0 5 2 0 0 0 20/34 25:03 0:57 5:23 T.J. Brodie 0 0 0 -2 0 0 4 2 0 0 0/0 26:17 0:57 5:32 Tyson Jost 0 0 0 -1 0 0 0 0 0 0 1/6 6:00 0:00 0:00 Vincent Desharnais 0 0 0 -2 4 0 4 4 0 0 0/0 12:22 0:00 0:40 Players Stats for ANCHORAGE ACESPlayer Name G A P +/- PIM S H SB GA TA FO MP PP MP PK MP ------------------------------------------------------------------------------------ Alexander DeBrincat 1 3 4 3 0 5 0 1 0 0 0/1 22:03 4:58 0:00 Carson Soucy 0 0 0 2 0 0 1 1 0 0 0/0 13:39 0:00 0:48 Colin Blackwell 0 0 0 1 0 2 1 0 0 0 0/0 11:48 0:34 0:48 Connor McDavid 0 1 1 1 0 4 2 0 0 0 10/25 22:13 6:03 0:00 David Perron 0 0 0 1 0 3 1 0 0 0 0/0 22:13 6:03 0:00 Erik Haula 1 0 1 1 0 3 1 2 0 0 6/13 19:20 4:24 1:11 Filip Hronek 0 0 0 1 0 1 0 1 0 0 0/0 25:58 6:07 1:11 Jakob Chychrun 0 1 1 2 2 0 1 1 0 0 0/0 20:22 4:54 0:00 Logan Mailloux 0 0 0 2 0 0 2 0 0 0 0/0 12:57 0:00 0:06 Nathan MacKinnon 1 0 1 1 0 5 0 0 0 0 1/1 22:13 6:03 0:00 Phillip Danault 0 3 3 3 0 4 1 0 0 0 12/24 17:05 0:00 0:00 Robert Bortuzzo 0 0 0 0 0 0 1 0 0 0 0/0 2:52 0:00 0:00 Ross Colton 0 1 1 1 0 1 1 0 0 0 9/16 11:14 0:00 0:48 Ryan Pulock 0 0 0 1 0 1 0 0 0 0 0/0 23:06 6:07 1:11 Sam Carrick 0 0 0 0 0 0 0 0 0 0 3/4 4:30 0:00 1:11 Sebastien Aho 0 1 1 2 0 1 0 4 0 0 0/0 21:05 4:54 0:42 Sheldon Dries 0 0 0 0 0 0 0 0 0 0 0/0 3:19 0:00 0:00 Yegor Sharangovich 3 0 3 3 0 8 1 0 0 0 0/2 22:03 4:58 0:00 3 Stars
1 - Yegor Sharangovich (ANC)
2 - Alexander DeBrincat (ANC) 3 - Darcy Kuemper (ANC) Power PlaySASKATOON DUCKS - 0 on 1 Attempt(s) - 0,00%
ANCHORAGE ACES - 1 on 6 Attempt(s) - 16,67%
Penalty KillSASKATOON DUCKS - 5 on 6 Attempt(s) - 83,33%
- Score 0 goal in Penalty Kill
ANCHORAGE ACES - 1 on 1 Attempt(s) - 100,00%
- Score 0 goal in Penalty Kill
Team StatSASKATOON DUCKS - Hits : 21 - Faceoff Wins : 45 - Blocked Shots : 13 - Penalty Minutes : 12
ANCHORAGE ACES - Hits : 13 - Faceoff Wins : 41 - Blocked Shots : 10 - Penalty Minutes : 2
Official
Referees : Chris Schlenker and Gord Dwyer
Linesman : Julien Fournier and Brandon Gawryletz Game Notes
Cayden Primeau enters game at 13:31 of 2nd period
Yegor Sharangovich has scored a Hat Trick! Ondrej Palat is injured at 8:47 of 3rd period (Fractured Left Foot) FinanceLevel 1 -- Attendance: 5559 (92,65%) -- Ticket Income 1 111 800 $Level 2 -- Attendance: 4748 (94,96%) -- Ticket Income 593 500 $ Level 3 -- Attendance: 2000 (100,00%) -- Ticket Income 208 000 $ Level 4 -- Attendance: 4000 (100,00%) -- Ticket Income 280 000 $ Luxury Box -- Attendance: 964 (96,40%) -- Ticket Income 313 300 $ Game was played at the Alaska Center. Total Attendance: 17271 (95,95%) Total Ticket Income: 2 506 600 $ Other Expense: 25 066 $ Total Income: 2 481 534 $ SASKATOON DUCKS5 vs 5 Forward Center Left Wing Right Wing Time % Phy DF OF 1 Sidney Crosby Jake Guentzel Ivan Barbashev 36 1 2 2 2 Jordan Staal Ondrej Palat Ryan Strome 31 1 2 2 3 Robert Fabbri Mathieu Joseph Cam Atkinson 23 1 2 2 4 Tyson Jost Kasperi Kapanen Kailer Yamamoto 10 1 2 2 5 vs 5 Defense Defense Defense Time % Phy DF OF 1 T.J. Brodie Jake Sanderson 36 1 2 2 2 Ben Chiarot Samuel Girard 31 1 2 2 3 Erik Gustafsson Vincent Desharnais 23 1 2 2 4 T.J. Brodie Jake Sanderson 10 1 2 2 PowerPlay Forward Center Left Wing Right Wing Time % Phy DF OF 1 Sidney Crosby Jake Guentzel Cam Atkinson 55 1 2 2 2 Jordan Staal Ondrej Palat Ivan Barbashev 45 1 2 2 PowerPlay Defense Defense Defense Time % Phy DF OF 1 T.J. Brodie Jake Sanderson 55 1 2 2 2 Mathieu Joseph Samuel Girard 45 1 2 2 Penalty Kill 4 Players Forward Center Wing Time % Phy DF OF 1 Jordan Staal Cam Atkinson 55 1 2 2 2 Sidney Crosby Ivan Barbashev 45 1 2 2 Penalty Kill 4 Players Defense Defense Defense Time % Phy DF OF 1 T.J. Brodie Jake Sanderson 55 1 2 2 2 Ben Chiarot Samuel Girard 45 1 2 2 Penalty Kill - 3 Players Forward Forward Time % Phy DF OF 1 Jordan Staal 55 1 2 2 2 Ivan Barbashev 45 1 2 2 Penalty Kill - 3 Players Defense Defense Defense Time % Phy DF OF 1 T.J. Brodie Jake Sanderson 55 1 2 2 2 Ben Chiarot Samuel Girard 45 1 2 2 4 vs 4 Forward Center Wing Time % Phy DF OF 1 Sidney Crosby Jake Guentzel 55 1 2 2 2 Jordan Staal Ivan Barbashev 45 1 2 2 4 vs 4 Defense Defense Defense Time % Phy DF OF 1 T.J. Brodie Jake Sanderson 55 1 2 2 2 Ben Chiarot Samuel Girard 45 1 2 2 Last Minutes Offensive Center Left Wing Right Wing Defense Defense Sidney Crosby Jake Guentzel Mathieu Joseph T.J. Brodie Jake Sanderson Last Minutes Defensive Center Left Wing Right Wing Defense Defense Sidney Crosby Jake Guentzel Mathieu Joseph T.J. Brodie Jake Sanderson Goaltenders Starting : Tristan Jarry Backup : Cayden Primeau Extra Forwards Normal : Sidney Crosby, Mathieu Joseph, Ivan Barbashev - PP : Robert Fabbri, Ivan Barbashev - PK : Cam Atkinson Extra Defensemen Normal : Jake Sanderson, T.J. Brodie, Ben Chiarot - PP : Ben Chiarot - PK : T.J. Brodie, Ben Chiarot Penalty Shots Sidney Crosby, Jake Guentzel, Jordan Staal, Ivan Barbashev, Ondrej Palat Custom OT Lines Forwards Sidney Crosby, Jake Guentzel, Jordan Staal, Ivan Barbashev, Ondrej Palat, Ryan Strome, Mathieu Joseph, Cam Atkinson, Robert Fabbri, Kasperi Kapanen Custom OT Lines Defensemen T.J. Brodie, Jake Sanderson, Ben Chiarot, Samuel Girard, Erik Gustafsson Scratches Karel Vejmelka (Sports Hernia Injury) ANCHORAGE ACES5 vs 5 Forward Center Left Wing Right Wing Time % Phy DF OF 1 Connor McDavid David Perron Nathan MacKinnon 35 0 1 4 2 Phillip Danault Yegor Sharangovich Alexander DeBrincat 35 0 1 4 3 Ross Colton Erik Haula Colin Blackwell 23 1 2 2 4 Sam Carrick Erik Haula Sheldon Dries 7 1 2 2 5 vs 5 Defense Defense Defense Time % Phy DF OF 1 Filip Hronek Ryan Pulock 35 2 2 1 2 Jakob Chychrun Sebastien Aho 35 1 3 1 3 Carson Soucy Logan Mailloux 25 1 2 2 4 Robert Bortuzzo Filip Hronek 5 1 2 2 PowerPlay Forward Center Left Wing Right Wing Time % Phy DF OF 1 Connor McDavid David Perron Nathan MacKinnon 50 1 2 2 2 Erik Haula Yegor Sharangovich Alexander DeBrincat 50 1 2 2 PowerPlay Defense Defense Defense Time % Phy DF OF 1 Filip Hronek Ryan Pulock 55 1 2 2 2 Sebastien Aho Jakob Chychrun 45 1 2 2 Penalty Kill 4 Players Forward Center Wing Time % Phy DF OF 1 Erik Haula Sam Carrick 55 1 2 2 2 Ross Colton Colin Blackwell 45 1 2 2 Penalty Kill 4 Players Defense Defense Defense Time % Phy DF OF 1 Filip Hronek Ryan Pulock 55 1 2 2 2 Carson Soucy Sebastien Aho 45 1 2 2 Penalty Kill - 3 Players Forward Forward Time % Phy DF OF 1 Sam Carrick 55 1 2 2 2 Erik Haula 45 1 2 2 Penalty Kill - 3 Players Defense Defense Defense Time % Phy DF OF 1 Filip Hronek Jakob Chychrun 55 1 2 2 2 Robert Bortuzzo Ryan Pulock 45 1 2 2 4 vs 4 Forward Center Wing Time % Phy DF OF 1 Connor McDavid David Perron 50 1 2 2 2 Erik Haula Colin Blackwell 50 1 2 2 4 vs 4 Defense Defense Defense Time % Phy DF OF 1 Ryan Pulock Filip Hronek 55 1 2 2 2 Jakob Chychrun Carson Soucy 45 1 2 2 Last Minutes Offensive Center Left Wing Right Wing Defense Defense Nathan MacKinnon Connor McDavid Erik Haula Filip Hronek Ryan Pulock Last Minutes Defensive Center Left Wing Right Wing Defense Defense Nathan MacKinnon Connor McDavid Erik Haula Filip Hronek Ryan Pulock Goaltenders Starting : Darcy Kuemper Backup : Laurent Brossoit Extra Forwards Normal : Erik Haula, Nathan MacKinnon, Connor McDavid - PP : Erik Haula, Alexander DeBrincat - PK : Sheldon Dries Extra Defensemen Normal : Ryan Pulock, Robert Bortuzzo, Filip Hronek - PP : Ryan Pulock - PK : Jakob Chychrun, Filip Hronek Penalty Shots Alexander DeBrincat, Nathan MacKinnon, Connor McDavid, Yegor Sharangovich, David Perron Custom OT Lines Forwards Erik Haula, Connor McDavid, Nathan MacKinnon, David Perron, Alexander DeBrincat, Yegor Sharangovich, Colin Blackwell, Sam Carrick, Ross Colton, Sheldon Dries Custom OT Lines Defensemen Filip Hronek, Ryan Pulock, Jakob Chychrun, Sebastien Aho, Carson Soucy Scratches Eetu Luostarinen (Healthy), Antti Raanta (Healthy)
Play-by-Play1st period0:01 of 1st period - Connor McDavid wins face-off versus Sidney Crosby in neutral zone. 0:06 of 1st period - Jake Sanderson is hit by David Perron and loses puck. 0:15 of 1st period - Shot by Nathan MacKinnon. 0:15 of 1st period - Shot Blocked by Jake Sanderson. 0:21 of 1st period - Shot by Connor McDavid. 0:21 of 1st period - Stopped by Tristan Jarry without a rebound. 0:22 of 1st period - Jordan Staal wins face-off versus Alexander DeBrincat in SASKATOON DUCKS zone. 0:47 of 1st period - Shot by Ryan Strome. 0:47 of 1st period - Shot Misses the Net. 0:57 of 1st period - Shot by Phillip Danault. 0:57 of 1st period - Deflect By Alexander DeBrincat. 0:57 of 1st period - Shot Blocked by Ben Chiarot. 1:05 of 1st period - Shot by Phillip Danault. 1:05 of 1st period - Stopped by Tristan Jarry without a rebound. 1:06 of 1st period - Robert Fabbri wins face-off versus Ross Colton in SASKATOON DUCKS zone. 1:13 of 1st period - Shot by Erik Gustafsson. 1:13 of 1st period - Stopped by Darcy Kuemper with a rebound. 1:15 of 1st period - Shot by Mathieu Joseph. 1:15 of 1st period - Shot Blocked by Erik Haula. 1:17 of 1st period - Shot by Cam Atkinson. 1:17 of 1st period - Shot Misses the Net. 1:29 of 1st period - Shot by Ross Colton. 1:29 of 1st period - Shot Blocked by Vincent Desharnais. 2:49 of 1st period - Shot by Jake Guentzel. 2:49 of 1st period - Shot Blocked by Filip Hronek. 3:23 of 1st period - Icing by Filip Hronek. 3:24 of 1st period - Jordan Staal wins face-off versus Connor McDavid in ANCHORAGE ACES zone. 3:25 of 1st period - Shot by Ryan Strome. 3:25 of 1st period - Stopped by Darcy Kuemper with a rebound. 3:27 of 1st period - Shot by Ryan Strome. 3:27 of 1st period - Deflect By Ondrej Palat. 3:27 of 1st period - Stopped by Darcy Kuemper without a rebound. 3:28 of 1st period - Jordan Staal wins face-off versus Phillip Danault in ANCHORAGE ACES zone. 3:54 of 1st period - Yegor Sharangovich is hit by Jake Sanderson and loses puck. 4:02 of 1st period - Icing by Jake Sanderson. 4:03 of 1st period - Sam Carrick wins face-off versus Jordan Staal in SASKATOON DUCKS zone. 4:07 of 1st period - Erik Haula is hit by T.J. Brodie and loses puck. 4:24 of 1st period - Erik Haula is hit by Jake Sanderson and loses puck. 4:25 of 1st period - Minor Penalty to Jake Sanderson for Roughing. 4:26 of 1st period - Erik Haula wins face-off versus Jordan Staal in SASKATOON DUCKS zone. 4:29 of 1st period - Shot by Alexander DeBrincat. 4:29 of 1st period - Shot Blocked by Ben Chiarot. 4:31 of 1st period - Shot by Alexander DeBrincat. 4:31 of 1st period - Stopped by Tristan Jarry without a rebound. 4:32 of 1st period - Erik Haula wins face-off versus Ivan Barbashev in SASKATOON DUCKS zone. 4:39 of 1st period - Shot by Yegor Sharangovich. 4:39 of 1st period - Shot Misses the Net. 4:41 of 1st period - Shot by Filip Hronek. 4:41 of 1st period - Shot Misses the Net. 4:43 of 1st period - Shot by Yegor Sharangovich. 4:43 of 1st period - Stopped by Tristan Jarry without a rebound. 4:44 of 1st period - Jordan Staal wins face-off versus Connor McDavid in SASKATOON DUCKS zone. 4:44 of 1st period - Jordan Staal is hit by Connor McDavid. 6:01 of 1st period - Shot by Ryan Pulock. 6:01 of 1st period - Stopped by Tristan Jarry with a rebound. 6:03 of 1st period - Shot by Alexander DeBrincat. 6:03 of 1st period - Shot Misses the Net. 6:05 of 1st period - Shot by Ryan Pulock. 6:05 of 1st period - Shot Misses the Net. 6:07 of 1st period - Shot by Filip Hronek. 6:07 of 1st period - Stopped by Tristan Jarry with a rebound. 6:09 of 1st period - Shot by Yegor Sharangovich. 6:09 of 1st period - Shot Misses the Net. 6:18 of 1st period - Yegor Sharangovich is hit by T.J. Brodie. 6:48 of 1st period - Minor Penalty to Ben Chiarot for Tripping. 6:49 of 1st period - Sidney Crosby wins face-off versus Erik Haula in SASKATOON DUCKS zone. 7:57 of 1st period - Shot by Nathan MacKinnon. 7:57 of 1st period - Shot Misses the Net. 9:54 of 1st period - Shot by Mathieu Joseph. 9:54 of 1st period - Shot Misses the Net. 10:15 of 1st period - Icing by T.J. Brodie. 10:16 of 1st period - Robert Fabbri wins face-off versus Yegor Sharangovich in SASKATOON DUCKS zone. 10:41 of 1st period - Shot by Yegor Sharangovich. 10:41 of 1st period - Goal by Yegor Sharangovich - SASKATOON DUCKS : 0 - ANCHORAGE ACES : 1. 10:42 of 1st period - Ross Colton wins face-off versus Tyson Jost in neutral zone. 10:47 of 1st period - Shot by Erik Haula. 10:47 of 1st period - Goal by Erik Haula - SASKATOON DUCKS : 0 - ANCHORAGE ACES : 2. 10:48 of 1st period - Jordan Staal wins face-off versus Phillip Danault in neutral zone. 10:58 of 1st period - Off-side. 10:59 of 1st period - Connor McDavid wins face-off versus Ivan Barbashev in neutral zone. 11:06 of 1st period - Shot by David Perron. 11:06 of 1st period - Stopped by Tristan Jarry without a rebound. 11:07 of 1st period - Jake Guentzel wins face-off versus Phillip Danault in SASKATOON DUCKS zone. 11:46 of 1st period - Shot by Phillip Danault. 11:46 of 1st period - Shot Misses the Net. 11:48 of 1st period - Shot by Alexander DeBrincat. 11:48 of 1st period - Deflect By Phillip Danault. 11:48 of 1st period - Stopped by Tristan Jarry without a rebound. 11:49 of 1st period - Connor McDavid wins face-off versus Jordan Staal in SASKATOON DUCKS zone. 12:34 of 1st period - Nathan MacKinnon is hit by Jordan Staal and loses puck. 12:38 of 1st period - Minor Penalty to Jakob Chychrun for Holding Stick. 12:39 of 1st period - Erik Haula wins face-off versus Cam Atkinson in ANCHORAGE ACES zone. 12:39 of 1st period - Erik Haula is hit by Sidney Crosby. 13:17 of 1st period - Carson Soucy is hit by Sidney Crosby. 14:45 of 1st period - Phillip Danault is hit by Kailer Yamamoto and loses puck. 15:37 of 1st period - Shot by Nathan MacKinnon. 15:37 of 1st period - Shot Misses the Net. 16:40 of 1st period - Samuel Girard is hit by Robert Bortuzzo and loses puck. 16:47 of 1st period - Shot by Mathieu Joseph. 16:47 of 1st period - Stopped by Darcy Kuemper without a rebound. 16:48 of 1st period - Ondrej Palat wins face-off versus Ross Colton in ANCHORAGE ACES zone. 16:49 of 1st period - Shot by Ryan Strome. 16:49 of 1st period - Stopped by Darcy Kuemper without a rebound. 16:50 of 1st period - Jordan Staal wins face-off versus Ross Colton in ANCHORAGE ACES zone. 16:53 of 1st period - Shot by Ondrej Palat. 16:53 of 1st period - Deflect By Ryan Strome. 16:53 of 1st period - Shot Misses the Net. 16:55 of 1st period - Shot by T.J. Brodie. 16:55 of 1st period - Shot Blocked by Erik Haula. 17:19 of 1st period - Shot by Ryan Strome. 17:19 of 1st period - Stopped by Darcy Kuemper without a rebound. 17:20 of 1st period - Phillip Danault wins face-off versus Robert Fabbri in ANCHORAGE ACES zone. 18:01 of 1st period - Shot by Alexander DeBrincat. 18:01 of 1st period - Stopped by Tristan Jarry without a rebound. 18:02 of 1st period - Ross Colton wins face-off versus Sidney Crosby in SASKATOON DUCKS zone. 18:06 of 1st period - Icing by Sidney Crosby. 18:07 of 1st period - Sidney Crosby wins face-off versus Erik Haula in SASKATOON DUCKS zone. 18:15 of 1st period - Icing by Jakob Chychrun. 18:16 of 1st period - Ross Colton wins face-off versus Sidney Crosby in ANCHORAGE ACES zone. 19:33 of 1st period - Minor Penalty to Jordan Staal for Delaying the game. 19:34 of 1st period - Sidney Crosby wins face-off versus Connor McDavid in SASKATOON DUCKS zone. 19:57 of 1st period - Shot by David Perron. 19:57 of 1st period - Shot Blocked by Ben Chiarot. 19:59 of 1st period - Shot by Ryan Pulock. 19:59 of 1st period - Shot Blocked by Samuel Girard. Goals for this period are 0 for SASKATOON DUCKS vs 2 for ANCHORAGE ACES. Shots for this period are 6 for SASKATOON DUCKS vs 11 for ANCHORAGE ACES. 2nd period0:01 of 2nd period - Sidney Crosby wins face-off versus Erik Haula in neutral zone. 0:12 of 2nd period - Shot by Sidney Crosby. 0:12 of 2nd period - Stopped by Darcy Kuemper without a rebound. 0:13 of 2nd period - Connor McDavid wins face-off versus Sidney Crosby in ANCHORAGE ACES zone. 0:34 of 2nd period - Shot by Nathan MacKinnon. 0:34 of 2nd period - Stopped by Tristan Jarry without a rebound. 0:35 of 2nd period - Erik Haula wins face-off versus Sidney Crosby in SASKATOON DUCKS zone. 1:08 of 2nd period - Shot by Erik Haula. 1:08 of 2nd period - Stopped by Tristan Jarry without a rebound. 1:09 of 2nd period - Sidney Crosby wins face-off versus Connor McDavid in SASKATOON DUCKS zone. 1:15 of 2nd period - Icing by Connor McDavid. 1:16 of 2nd period - Sidney Crosby wins face-off versus Connor McDavid in ANCHORAGE ACES zone. 1:27 of 2nd period - Shot by Connor McDavid. 1:27 of 2nd period - Shot Misses the Net. 1:29 of 2nd period - Shot by Sebastien Aho. 1:29 of 2nd period - Stopped by Tristan Jarry without a rebound. 1:30 of 2nd period - Erik Haula wins face-off versus Sidney Crosby in SASKATOON DUCKS zone. 1:38 of 2nd period - Icing by Jordan Staal. 1:39 of 2nd period - Jordan Staal wins face-off versus Phillip Danault in SASKATOON DUCKS zone. 1:39 of 2nd period - Jordan Staal is hit by Yegor Sharangovich. 2:49 of 2nd period - Shot by Sidney Crosby. 2:49 of 2nd period - Stopped by Darcy Kuemper without a rebound. 2:50 of 2nd period - Sidney Crosby wins face-off versus Ross Colton in ANCHORAGE ACES zone. 2:59 of 2nd period - Shot by Jake Guentzel. 2:59 of 2nd period - Shot Misses the Net. 3:01 of 2nd period - Shot by Samuel Girard. 3:01 of 2nd period - Stopped by Darcy Kuemper without a rebound. 3:02 of 2nd period - Connor McDavid wins face-off versus Robert Fabbri in ANCHORAGE ACES zone. 3:07 of 2nd period - Shot by Robert Fabbri. 3:07 of 2nd period - Shot Misses the Net. 3:09 of 2nd period - Shot by Mathieu Joseph. 3:09 of 2nd period - Stopped by Darcy Kuemper without a rebound. 3:10 of 2nd period - Sidney Crosby wins face-off versus Connor McDavid in ANCHORAGE ACES zone. 3:11 of 2nd period - Shot by Ivan Barbashev. 3:11 of 2nd period - Stopped by Darcy Kuemper with a rebound. 4:39 of 2nd period - Shot by Ondrej Palat. 4:39 of 2nd period - Stopped by Darcy Kuemper without a rebound. 4:40 of 2nd period - Ross Colton wins face-off versus Mathieu Joseph in ANCHORAGE ACES zone. 4:40 of 2nd period - Ross Colton is hit by Mathieu Joseph. 5:11 of 2nd period - Minor Penalty to Vincent Desharnais for Roughing. 5:12 of 2nd period - Connor McDavid wins face-off versus Jordan Staal in SASKATOON DUCKS zone. 5:39 of 2nd period - Shot by Connor McDavid. 5:39 of 2nd period - Stopped by Tristan Jarry without a rebound. 5:40 of 2nd period - Erik Haula wins face-off versus Sidney Crosby in SASKATOON DUCKS zone. 6:15 of 2nd period - Shot by Alexander DeBrincat. 6:15 of 2nd period - Stopped by Tristan Jarry without a rebound. 6:16 of 2nd period - Jordan Staal wins face-off versus Connor McDavid in SASKATOON DUCKS zone. 6:16 of 2nd period - Jordan Staal is hit by Connor McDavid. 7:02 of 2nd period - Shot by Nathan MacKinnon. 7:02 of 2nd period - Stopped by Tristan Jarry without a rebound. 7:03 of 2nd period - Jordan Staal wins face-off versus Erik Haula in SASKATOON DUCKS zone. 7:14 of 2nd period - Shot by Jakob Chychrun. 7:14 of 2nd period - Shot Misses the Net. 7:16 of 2nd period - Shot by Colin Blackwell. 7:16 of 2nd period - Shot Misses the Net. 7:18 of 2nd period - Shot by Colin Blackwell. 7:18 of 2nd period - Shot Misses the Net. 7:23 of 2nd period - Icing by Vincent Desharnais. 7:24 of 2nd period - Phillip Danault wins face-off versus Tyson Jost in SASKATOON DUCKS zone. 7:24 of 2nd period - Phillip Danault is hit by Vincent Desharnais. 7:29 of 2nd period - Phillip Danault is hit by Vincent Desharnais and loses puck. 7:39 of 2nd period - Alexander DeBrincat is hit by Vincent Desharnais. 7:43 of 2nd period - Shot by Phillip Danault. 7:43 of 2nd period - Shot Blocked by Vincent Desharnais. 7:45 of 2nd period - Shot by Alexander DeBrincat. 7:45 of 2nd period - Stopped by Tristan Jarry without a rebound. 7:46 of 2nd period - Sidney Crosby wins face-off versus Connor McDavid in SASKATOON DUCKS zone. 7:54 of 2nd period - Icing by Ivan Barbashev. 7:55 of 2nd period - Connor McDavid wins face-off versus Sidney Crosby in SASKATOON DUCKS zone. 8:16 of 2nd period - Shot by Sidney Crosby. 8:16 of 2nd period - Stopped by Darcy Kuemper without a rebound. 8:17 of 2nd period - Phillip Danault wins face-off versus Ryan Strome in ANCHORAGE ACES zone. 8:37 of 2nd period - Shot by Ryan Strome. 8:37 of 2nd period - Shot Blocked by Sebastien Aho. 8:47 of 2nd period - Shot by Alexander DeBrincat. 8:47 of 2nd period - Goal by Alexander DeBrincat - SASKATOON DUCKS : 0 - ANCHORAGE ACES : 3. 8:48 of 2nd period - Sidney Crosby wins face-off versus Connor McDavid in neutral zone. 8:57 of 2nd period - Shot by Jake Guentzel. 8:57 of 2nd period - Stopped by Darcy Kuemper without a rebound. 8:58 of 2nd period - Ross Colton wins face-off versus Sidney Crosby in ANCHORAGE ACES zone. 10:00 of 2nd period - Shot by Jordan Staal. 10:00 of 2nd period - Shot Blocked by Jakob Chychrun. 10:59 of 2nd period - Off-side. 11:00 of 2nd period - Phillip Danault wins face-off versus Robert Fabbri in neutral zone. 11:19 of 2nd period - Shot by Phillip Danault. 11:19 of 2nd period - Stopped by Tristan Jarry without a rebound. 11:20 of 2nd period - Sidney Crosby wins face-off versus Ross Colton in SASKATOON DUCKS zone. 11:20 of 2nd period - Sidney Crosby is hit by Ross Colton. 12:34 of 2nd period - Shot by Robert Fabbri. 12:34 of 2nd period - Stopped by Darcy Kuemper without a rebound. 12:35 of 2nd period - Phillip Danault wins face-off versus Jordan Staal in ANCHORAGE ACES zone. 12:35 of 2nd period - Phillip Danault is hit by Ondrej Palat. 13:23 of 2nd period - Icing by Ryan Pulock. 13:24 of 2nd period - Phillip Danault wins face-off versus Sidney Crosby in ANCHORAGE ACES zone. 13:31 of 2nd period - Shot by Yegor Sharangovich. 13:31 of 2nd period - Goal by Yegor Sharangovich - SASKATOON DUCKS : 0 - ANCHORAGE ACES : 4. 13:31 of 2nd period - Cayden Primeau enters game. 13:32 of 2nd period - Sidney Crosby wins face-off versus Connor McDavid in neutral zone. 13:51 of 2nd period - Shot by Sidney Crosby. 13:51 of 2nd period - Shot Misses the Net. 13:53 of 2nd period - Shot by Sidney Crosby. 13:53 of 2nd period - Stopped by Darcy Kuemper without a rebound. 13:54 of 2nd period - Robert Fabbri wins face-off versus Sam Carrick in ANCHORAGE ACES zone. 14:08 of 2nd period - Shot by Robert Fabbri. 14:08 of 2nd period - Shot Blocked by Carson Soucy. 15:06 of 2nd period - Shot by Sidney Crosby. 15:06 of 2nd period - Stopped by Darcy Kuemper without a rebound. 15:07 of 2nd period - Jordan Staal wins face-off versus Phillip Danault in ANCHORAGE ACES zone. 15:13 of 2nd period - Icing by Sebastien Aho. 15:14 of 2nd period - Jordan Staal wins face-off versus Phillip Danault in ANCHORAGE ACES zone. 15:28 of 2nd period - Shot by Ryan Strome. 15:28 of 2nd period - Stopped by Darcy Kuemper with a rebound. 15:40 of 2nd period - Shot by Alexander DeBrincat. 15:40 of 2nd period - Shot Misses the Net. 16:57 of 2nd period - Shot by David Perron. 16:57 of 2nd period - Stopped by Cayden Primeau with a rebound. 17:04 of 2nd period - Icing by Ben Chiarot. 17:05 of 2nd period - Sidney Crosby wins face-off versus Ross Colton in SASKATOON DUCKS zone. 17:11 of 2nd period - Sidney Crosby is hit by Logan Mailloux and loses puck. 17:28 of 2nd period - Logan Mailloux is hit by Ivan Barbashev and loses puck. 17:52 of 2nd period - Icing by Ben Chiarot. 17:53 of 2nd period - Sidney Crosby wins face-off versus Phillip Danault in SASKATOON DUCKS zone. 18:12 of 2nd period - Minor Penalty to Vincent Desharnais for Holding. 18:13 of 2nd period - Connor McDavid wins face-off versus Jordan Staal in SASKATOON DUCKS zone. 18:54 of 2nd period - Shot by Nathan MacKinnon. 18:54 of 2nd period - Stopped by Cayden Primeau without a rebound. 18:55 of 2nd period - Jordan Staal wins face-off versus Erik Haula in SASKATOON DUCKS zone. 19:14 of 2nd period - Shot by Yegor Sharangovich. 19:14 of 2nd period - Shot Misses the Net. 19:16 of 2nd period - Shot by Yegor Sharangovich. 19:16 of 2nd period - Shot Blocked by Jordan Staal. 19:18 of 2nd period - Shot by Yegor Sharangovich. 19:18 of 2nd period - Goal by Yegor Sharangovich - SASKATOON DUCKS : 0 - ANCHORAGE ACES : 5. 19:19 of 2nd period - Ross Colton wins face-off versus Tyson Jost in neutral zone. 19:22 of 2nd period - Tyson Jost is hit by Erik Haula and loses puck. 19:54 of 2nd period - Kasperi Kapanen is hit by Carson Soucy and loses puck. Goals for this period are 0 for SASKATOON DUCKS vs 3 for ANCHORAGE ACES. Shots for this period are 12 for SASKATOON DUCKS vs 13 for ANCHORAGE ACES. 3rd period0:01 of 3rd period - Sidney Crosby wins face-off versus Connor McDavid in neutral zone. 0:10 of 3rd period - Shot by Sidney Crosby. 0:10 of 3rd period - Shot Misses the Net. 0:30 of 3rd period - Shot by Sidney Crosby. 0:30 of 3rd period - Shot Misses the Net. 0:32 of 3rd period - Shot by Jake Guentzel. 0:32 of 3rd period - Shot Misses the Net. 0:47 of 3rd period - Nathan MacKinnon is hit by T.J. Brodie and loses puck. 1:01 of 3rd period - Off-side. 1:02 of 3rd period - Jordan Staal wins face-off versus Phillip Danault in neutral zone. 1:25 of 3rd period - Shot by Ryan Strome. 1:25 of 3rd period - Shot Blocked by Alexander DeBrincat. 1:37 of 3rd period - Shot by Ondrej Palat. 1:37 of 3rd period - Shot Blocked by Sebastien Aho. 1:41 of 3rd period - Shot by Ryan Strome. 1:41 of 3rd period - Shot Blocked by Sebastien Aho. 1:43 of 3rd period - Shot by Jordan Staal. 1:43 of 3rd period - Stopped by Darcy Kuemper with a rebound. 2:30 of 3rd period - Cam Atkinson is hit by Jakob Chychrun and loses puck. 3:09 of 3rd period - Icing by Ryan Pulock. 3:10 of 3rd period - Connor McDavid wins face-off versus Sidney Crosby in ANCHORAGE ACES zone. 4:31 of 3rd period - Shot by Ryan Strome. 4:31 of 3rd period - Stopped by Darcy Kuemper without a rebound. 4:32 of 3rd period - Sam Carrick wins face-off versus Robert Fabbri in ANCHORAGE ACES zone. 4:32 of 3rd period - Sam Carrick is hit by Mathieu Joseph. 4:37 of 3rd period - Erik Haula is hit by Vincent Desharnais. 5:08 of 3rd period - Icing by Filip Hronek. 5:09 of 3rd period - Sam Carrick wins face-off versus Jordan Staal in ANCHORAGE ACES zone. 5:09 of 3rd period - Erik Haula is hit by Jordan Staal and loses puck. 5:19 of 3rd period - Filip Hronek is hit by T.J. Brodie. 5:29 of 3rd period - Shot by Ondrej Palat. 5:29 of 3rd period - Stopped by Darcy Kuemper without a rebound. 5:30 of 3rd period - Sidney Crosby wins face-off versus Connor McDavid in ANCHORAGE ACES zone. 5:56 of 3rd period - Shot by Nathan MacKinnon. 5:56 of 3rd period - Goal by Nathan MacKinnon - SASKATOON DUCKS : 0 - ANCHORAGE ACES : 6. 5:57 of 3rd period - Jordan Staal wins face-off versus Yegor Sharangovich in neutral zone. 7:15 of 3rd period - Shot by Nathan MacKinnon. 7:15 of 3rd period - Shot Misses the Net. 7:42 of 3rd period - Shot by Connor McDavid. 7:42 of 3rd period - Stopped by Cayden Primeau without a rebound. 7:43 of 3rd period - Ross Colton wins face-off versus Robert Fabbri in SASKATOON DUCKS zone. 7:46 of 3rd period - Shot by Colin Blackwell. 7:46 of 3rd period - Stopped by Cayden Primeau without a rebound. 7:47 of 3rd period - Ross Colton wins face-off versus Robert Fabbri in SASKATOON DUCKS zone. 7:48 of 3rd period - Shot by Erik Haula. 7:48 of 3rd period - Stopped by Cayden Primeau without a rebound. 7:49 of 3rd period - Phillip Danault wins face-off versus Mathieu Joseph in SASKATOON DUCKS zone. 7:50 of 3rd period - Shot by Yegor Sharangovich. 7:50 of 3rd period - Stopped by Cayden Primeau without a rebound. 7:51 of 3rd period - Phillip Danault wins face-off versus Robert Fabbri in SASKATOON DUCKS zone. 7:58 of 3rd period - Shot by Phillip Danault. 7:58 of 3rd period - Shot Misses the Net. 8:09 of 3rd period - Yegor Sharangovich is hit by Jake Sanderson and loses puck. 8:19 of 3rd period - Off-side. 8:20 of 3rd period - Nathan MacKinnon wins face-off versus Sidney Crosby in neutral zone. 8:41 of 3rd period - Shot by Jake Guentzel. 8:41 of 3rd period - Shot Misses the Net. 8:43 of 3rd period - Shot by Ben Chiarot. 8:43 of 3rd period - Stopped by Darcy Kuemper without a rebound. 8:44 of 3rd period - Jordan Staal wins face-off versus Phillip Danault in ANCHORAGE ACES zone. 8:46 of 3rd period - Ondrej Palat is hit by Logan Mailloux and loses puck. 8:47 of 3rd period - Ondrej Palat from SASKATOON DUCKS is injured at 8:47 of 3rd period (Fractured Left Foot). 8:48 of 3rd period - Phillip Danault wins face-off versus Jordan Staal in ANCHORAGE ACES zone. 9:03 of 3rd period - Shot by Sidney Crosby. 9:03 of 3rd period - Deflect By Ryan Strome. 9:03 of 3rd period - Shot Blocked by Sebastien Aho. 9:06 of 3rd period - Icing by Alexander DeBrincat. 9:07 of 3rd period - Robert Fabbri wins face-off versus Phillip Danault in ANCHORAGE ACES zone. 9:30 of 3rd period - Shot by Cam Atkinson. 9:30 of 3rd period - Stopped by Darcy Kuemper without a rebound. 9:31 of 3rd period - Connor McDavid wins face-off versus Sidney Crosby in ANCHORAGE ACES zone. 9:35 of 3rd period - Connor McDavid is hit by Ivan Barbashev and loses puck. 10:04 of 3rd period - Shot by Connor McDavid. 10:04 of 3rd period - Shot Blocked by T.J. Brodie. 10:06 of 3rd period - Shot by Ryan Pulock. 10:06 of 3rd period - Shot Blocked by T.J. Brodie. 10:38 of 3rd period - Icing by T.J. Brodie. 10:39 of 3rd period - Sidney Crosby wins face-off versus Ross Colton in SASKATOON DUCKS zone. 10:48 of 3rd period - T.J. Brodie is hit by Colin Blackwell and loses puck. 11:07 of 3rd period - Shot by Colin Blackwell. 11:07 of 3rd period - Stopped by Cayden Primeau without a rebound. 11:08 of 3rd period - Phillip Danault wins face-off versus Mathieu Joseph in SASKATOON DUCKS zone. 11:23 of 3rd period - Shot by Phillip Danault. 11:23 of 3rd period - Stopped by Cayden Primeau with a rebound. 11:25 of 3rd period - Shot by Alexander DeBrincat. 11:25 of 3rd period - Shot Blocked by Vincent Desharnais. 11:27 of 3rd period - Shot by Yegor Sharangovich. 11:27 of 3rd period - Stopped by Cayden Primeau without a rebound. 11:28 of 3rd period - Tyson Jost wins face-off versus Connor McDavid in SASKATOON DUCKS zone. 11:38 of 3rd period - Minor Penalty to Kasperi Kapanen for Interference. 11:39 of 3rd period - Jordan Staal wins face-off versus Erik Haula in SASKATOON DUCKS zone. 12:23 of 3rd period - Shot by Yegor Sharangovich. 12:23 of 3rd period - Stopped by Cayden Primeau with a rebound. 12:55 of 3rd period - Shot by Nathan MacKinnon. 12:55 of 3rd period - Stopped by Cayden Primeau without a rebound. 12:56 of 3rd period - Sidney Crosby wins face-off versus Connor McDavid in SASKATOON DUCKS zone. 13:43 of 3rd period - Shot by Erik Haula. 13:43 of 3rd period - Shot Blocked by Kailer Yamamoto. 13:51 of 3rd period - Shot by Erik Haula. 13:51 of 3rd period - Shot Blocked by Vincent Desharnais. 14:03 of 3rd period - Shot by Colin Blackwell. 14:03 of 3rd period - Deflect By Ross Colton. 14:03 of 3rd period - Stopped by Cayden Primeau without a rebound. 14:04 of 3rd period - Phillip Danault wins face-off versus Sidney Crosby in SASKATOON DUCKS zone. 14:11 of 3rd period - Shot by Phillip Danault. 14:11 of 3rd period - Shot Misses the Net. 14:15 of 3rd period - Shot by Alexander DeBrincat. 14:15 of 3rd period - Deflect By Yegor Sharangovich. 14:15 of 3rd period - Stopped by Cayden Primeau without a rebound. 14:16 of 3rd period - Sidney Crosby wins face-off versus Phillip Danault in SASKATOON DUCKS zone. 14:41 of 3rd period - Shot by Jake Guentzel. 14:41 of 3rd period - Deflect By Sidney Crosby. 14:41 of 3rd period - Shot Misses the Net. 15:17 of 3rd period - Shot by Connor McDavid. 15:17 of 3rd period - Shot Misses the Net. 15:50 of 3rd period - Shot by Connor McDavid. 15:50 of 3rd period - Stopped by Cayden Primeau with a rebound. 16:27 of 3rd period - Icing by Carson Soucy. 16:28 of 3rd period - Ryan Strome wins face-off versus Erik Haula in ANCHORAGE ACES zone. 16:47 of 3rd period - Shot by Ryan Strome. 16:47 of 3rd period - Stopped by Darcy Kuemper without a rebound. 16:48 of 3rd period - Phillip Danault wins face-off versus Tyson Jost in ANCHORAGE ACES zone. 17:11 of 3rd period - Tyson Jost is hit by Phillip Danault. 17:19 of 3rd period - Shot by Kasperi Kapanen. 17:19 of 3rd period - Stopped by Darcy Kuemper without a rebound. 17:20 of 3rd period - Jordan Staal wins face-off versus Connor McDavid in ANCHORAGE ACES zone. 17:44 of 3rd period - Off-side. 17:45 of 3rd period - Sidney Crosby wins face-off versus Phillip Danault in neutral zone. 18:02 of 3rd period - Shot by Phillip Danault. 18:02 of 3rd period - Shot Misses the Net. 18:56 of 3rd period - Shot by Mathieu Joseph. 18:56 of 3rd period - Shot Misses the Net. 19:29 of 3rd period - Shot by David Perron. 19:29 of 3rd period - Stopped by Cayden Primeau without a rebound. 19:30 of 3rd period - Ross Colton wins face-off versus Tyson Jost in SASKATOON DUCKS zone. Goals for this period are 0 for SASKATOON DUCKS vs 1 for ANCHORAGE ACES. Shots for this period are 7 for SASKATOON DUCKS vs 14 for ANCHORAGE ACES. Back to the Top |
![]() |
![]() |
![]() |
MATTHEW TKACHUK |
TOM WILSON |
JAKE GUENTZEL |